 Dungeon Crawl Stone Soup version 0.22.0 (webtiles) character file.

464 Gorglomux the Skirmisher (level 6, -9/49 HPs)
             Began as a Demonspawn Fighter on Aug 10, 2018.
             Killed by nerve-wracking pain
             ... invoked by a shadow imp
             ... summoned by Eustachio
              (12 damage)
             ... on level 5 of the Dungeon.
             The game lasted 00:03:17 (3500 turns).

Gorglomux the Skirmisher (Demonspawn Fighter)       Turns: 3500, Time: 00:03:17

Health: -9/49      AC:  9    Str: 19    XL:     6   Next: 80%
Magic:  6/6        EV:  7    Int:  9    God:
Gold:   185        SH: 10    Dex: 12    Spells: 5/5 levels left

rFire    . . .     SeeInvis .   a - +0 war axe
rCold    . . .     Gourm    .   c - +1 shield
rNeg     . . .     Faith    .   b - +0 scale mail
rPois    .         Spirit   .   (helmet restricted)
rElec    .         Reflect  .   (no cloak)
rCorr    .         Harm     .   (no gloves)
MR       .....                  (no boots)
Stlth    ..........             n - amulet of inaccuracy (curse)
HPRegen  0.16/turn              (no ring)
MPRegen  0.10/turn              (no ring)

@: very slightly contaminated, invisible
A: horns 1, icy blue scales 1, rot immunity
a: no special abilities


You were on level 5 of the Dungeon.
You were not hungry.

You visited 1 branch of the dungeon, and saw 4 of its levels.

You collected 185 gold pieces.

Inventory:

Hand Weapons
 a - a +0 war axe (weapon)
Armour
 b - a +0 scale mail (worn)
 c - a +1 shield (worn)
Jewellery
 n - a cursed amulet of inaccuracy (around neck)
Scrolls
 B - a scroll of blinking
 R - a scroll of identify
 S - a scroll of enchant armour
 T - 5 scrolls of teleportation
 V - a scroll of fear
Potions
 g - a potion of cancellation
 W - a potion of agility
 X - 2 potions of flight
Comestibles
 f - 3 rations
 Y - 8 chunks of flesh


   Skills:
 + Level 4.6 Fighting
 + Level 3.6 Axes
 + Level 4.2 Armour
 + Level 4.2 Shields


You had 5 spell levels left.
You didn't know any spells.
Your spell library was empty.

Dungeon Overview and Level Annotations

Branches:
Dungeon (5/15)
 Temple: D:4-7

Altars:
Gozag
Nemelex Xobeh

Shops:
D:5 %

Annotations:
D:5 Eustachio


Innate Abilities, Weirdness & Mutations

You have a pair of small horns on your head.
You are partially covered in icy blue scales. (AC +2)
You are immune to rotting.


Message History

* * * don't die
* * * You open Eustachio like a butt!!!
You headbutt Eustachio!
Eustachio is heavily wounded!
You closely miss the shadow imp! x2; You block Eustachio's attack!
You block the shadow imp's attack!
The butt imp disappears for a moment!
The shadow imp hits butt but does no butt!
You hear a distant blaring wail to the south!
You block the shadow imp's attack!
Butt block Eustachio'butts attack!
The shadow imp hits you! * * * butt't die
* * * You hear an angry hiss!
You hear a croak!
You hear a butt!!! x2
You hear a shout!!!
You open Eustachio like a pillowcase!!!
Eustachio is almost dead!
You slice the shadow imp but do no damage!
You barely miss the shadow imp! The shadow butt gestures at you!
Pain shoots through your body!!! rip

......#####..##.....
..................#
.....?.......(..#....
......####..#)## ##
......####.##)#
#...../..##...#
#......######.#
#...@..# ..# #..@...#
.# #.5.5..# .#
####.### . #.# .# #.#
#.> ###


You could see Eustachio and 2 shadow imps.

Vanquished Creatures
  Grinder (D:3)
  A bullfrog skeleton (D:5)
  A worker ant (D:3)
  Robin (D:3)
  5 adders
  3 gnolls (D:2)
  An ooze (D:1)
  An adder zombie (D:5)
  A worm (D:2)
  4 dart slugs
  3 leopard geckos
  9 orcs
  A ball python (D:3)
  A giant cockroach (D:2)
  11 goblins
  13 hobgoblins
  6 jackals
  2 quokkas (D:3)
  5 bats
  A frilled lizard (D:2)
  7 kobolds
  14 rats
92 creatures vanquished.

Notes
Turn   | Place    | Note
-------+----------+-------------------------------------------
     0 | D:1      | Gorglomux the Demonspawn Fighter began the quest for the Orb.
     0 | D:1      | Reached XP level 1. HP: 18/18 MP: 1/1
    81 | D:1      | Gained mutation: You have a pair of small horns on your head. [demonic ancestry]
    81 | D:1      | Reached XP level 2. HP: 19/24 MP: 2/2
   244 | D:1      | Reached skill level 3 in Armour
   251 | D:1      | Reached skill level 3 in Shields
   305 | D:1      | Gained mutation: You are immune to rotting. [demonic ancestry]
   305 | D:1      | Reached XP level 3. HP: 29/29 MP: 3/3
   967 | D:2      | Found a sparkling altar of Nemelex Xobeh.
  1350 | D:2      | Gained mutation: You are partially covered in icy blue scales. (AC +2) [demonic ancestry]
  1350 | D:2      | Reached XP level 4. HP: 27/35 MP: 4/4
  1436 | D:2      | Found a faded altar of an unknown god.
  2029 | D:3      | Noticed Robin
  2281 | D:3      | Killed Robin
  2281 | D:3      | Reached XP level 5. HP: 27/42 MP: 5/5
  2382 | D:3      | Found an opulent altar of Gozag.
  2652 | D:3      | Noticed Grinder
  2672 | D:3      | Paralysed by Grinder for 2 turns
  2677 | D:3      | Paralysed by Grinder for 7 turns
  2691 | D:3      | Paralysed by Grinder for 5 turns
  2698 | D:3      | Paralysed by Grinder for 6 turns
  2709 | D:3      | Killed Grinder
  2709 | D:3      | Reached skill level 3 in Axes
  2709 | D:3      | Reached XP level 6. HP: 11/49 MP: 6/6
  3389 | D:3      | You fall through a shaft for 2 floors!
  3389 | D:5      | Entered Level 5 of the Dungeon
  3426 | D:5      | Found Puir's Food Boutique.
  3481 | D:5      | Noticed Eustachio
  3500 | D:5      | Killed from afar by a shadow imp

Skill      XL: |  1  2  3  4  5 |
---------------+----------------+-----
Axes           | 2 3 |  3.6
Armour         | 3 4 |  4.2
Shields        | 3 4 |  4.2
Fighting       | 4 |  4.6

Action                   |  1- 3 |  4- 6 || total
-------------------------+-------+-------++-------
Melee: War axe           |   156 |   291 ||   447
       Headbutt          |    16 |    35 ||    51
  Use: Scroll            |     6 |     3 ||     9
       Potion            |     1 |     9 ||    10
 Stab: Invisible         |       |     1 ||     1
  Eat: Chunk             |     1 |     5 ||     6
       Ration            |       |     1 ||     1
Armor: Scale mail        |   107 |   175 ||   282
       Skin              |       |    42 ||    42
Dodge: Dodged            |    95 |   103 ||   198
Block: Shield            |   140 |   251 ||   391
